 Dungeon Crawl Stone Soup version 0.31-a0-986-g5e6e4ef867 (webtiles) character file.

Game seed: 13853239068130589217

4494 Fodor the Cleaver (level 10, -17/88 HPs)
             Began as a Minotaur Fighter on Nov 6, 2023.
             Was an Initiate of Gozag.
             Killed from afar by a deep elf pyromancer (24 damage)
             ... with a bolt of fire
             ... on level 8 of the Dungeon on Nov 7, 2023.
             The game lasted 00:41:47 (7883 turns).

Fodor the Cleaver (Minotaur Fighter)                Turns: 7883, Time: 00:41:49

Health: -17/88     AC: 18    Str: 25 (26) XL:     10   Next: 16%
Magic:  9/9        EV: 11    Int:  2 (3)  God:    Gozag
Gold:   384        SH:  7    Dex:  5 (9)  Spells: 9/9 levels left

rFire   . . .        a - +0 war axe
rCold   . . .        c - +0 buckler
rNeg    . . .        b - +0 chain mail
rPois   .            (helmet restricted)
rElec   .            j - +0 cloak
rCorr   .            (no gloves)
SInv    .            (no boots)
Will    .....        (no amulet) Stlth
                     f - +4 ring of protection
HPRegen 0.34/turn    m - ring of the Octopus King {Fly HP+2 AC+2 EV+2 SH+2}
MPRegen 0.11/turn

%: no passive effects
@: about to teleport, gold aura, flying
A: horns 2, retaliatory headbutt, deterioration 2, dopey 1
a: Renounce Religion, Potion Petition, Call Merchant, Bribe Branch


You were on level 8 of the Dungeon.
You worshipped Gozag.
Gozag was aware of your devotion.
You visited 2 branches of the dungeon, and saw 9 of its levels.

You collected 619 gold pieces.
You spent 100 gold pieces at shops.
You paid 135 gold pieces to Gozag.

Inventory:

Hand Weapons
 a - a +0 war axe (weapon)
 l - a +0 scythe
 C - a +0 shortbow
Missiles
 o - 13 poisoned darts (quivered)
Armour
 b - a +0 chain mail (worn)
 c - a +0 buckler (worn)
 j - a +0 cloak (worn)
Jewellery
 f - a +4 ring of protection (left hand)
 m - a ring of the Octopus King (right hand) {Fly HP+2 AC+2 EV+2 SH+2}
   (You found it on level 2 of the Dungeon)

   [ring of flight]

   AC+2:      It affects your AC (+2).
   EV+2:      It affects your evasion (+2).
   HP+2:      It affects your health (+2).
   Fly:       It grants you flight.
   SH+2:      It affects your SH (+2).
 p - a ring of see invisible
 w - a ring of positive energy
 y - a ring of resist corrosion
 J - an amulet of guardian spirit
Wands
 A - a wand of roots (24)
 I - a wand of mindburst (19)
Scrolls
 e - a scroll of immolation {unknown}
 h - 3 scrolls of identify {unknown}
 k - 2 scrolls of enchant weapon {unknown}
 q - 2 scrolls of revelation {unknown}
 s - 2 scrolls of vulnerability {unknown}
 t - 2 scrolls of amnesia {unknown}
 u - 2 scrolls of noise {unknown}
 v - 2 scrolls of silence {unknown}
 x - 2 scrolls of fog {unknown}
 z - 2 scrolls of butterflies {unknown}
 F - a scroll of brand weapon {unknown}
 H - a scroll of fear {unknown}
Potions
 d - 2 potions of might
 g - 2 potions of lignification
 i - 2 potions of resistance {unknown}
 r - 2 potions of curing
 B - a potion of degeneration {unknown}
 D - a potion of cancellation {unknown}
 E - a potion of magic {unknown}
 G - a potion of mutation


   Skills:
 + Level 7.4 Fighting
 + Level 11.8 Axes
 + Level 1.3 Throwing
 + Level 8.6 Armour
 + Level 3.4 Dodging
 + Level 0.8 Stealth
 + Level 8.3 Shields


You had 9 spell levels left.
You didn't know any spells.
Your spell library contained the following spells:

 Spells                   Type           Power      Damage    Failure   Level
 Call Canine Familiar     Summ           0%         N/A       100%        3
 Ozocubu's Armour         Ice            0%         N/A       100%        3
 Sigil of Binding         Hex            0%         N/A       100%        3
 Animate Armour           Summ/Erth      0%         N/A       100%        4
 Dimensional Bullseye     Hex/Tloc       0%         N/A       100%        4
 Leda's Liquefaction      Hex/Erth       0%         N/A       100%        4
 Summon Lightning Spire   Summ/Air       0%         N/A       100%        4
 Lee's Rapid Deconstruct  Erth           0%         3d4*      100%        5
 Metabolic Englaciation   Hex/Ice        0%         N/A       100%        5
 Simulacrum               Ice/Necr       Unusable   N/A       N/A         6

Dungeon Overview and Level Annotations

Branches:
Dungeon (8/15)             Temple (1/1) D:7
   Lair: D:8-11

Altars:
Ashenzari
Cheibriados
Dithmenos
Elyvilon
Fedhas
Gozag
Hepliaklqana
Kikubaaqudgha
Nemelex Xobeh
Okawaru
Qazlal
Ru
Sif Muna
Trog
Uskayaw
Vehumet
Wu Jian
Xom
Yredelemnul
Zin
The Shining One

Shops:
D:3 (   D:5 (=*

Annotations:
D:6 2 runed translucent doors, Doj's ghost, novice FoFi
D:7 3 runed translucent doors, GortTheUntimely's ghost, amateur HOFi


Innate Abilities, Weirdness & Mutations

You have a pair of horns on your head.
You reflexively headbutt those who attack you in melee.
Your body often deteriorates upon taking damage.
You are dopey. (Int -2)


Message History

You are engulfed in a cloud of scalding steam.
The fire elemental hits you. The fire elemental burns you!
You barely miss the fire elemental. You headbutt the fire elemental.
The fire elemental is moderately damaged.
You are engulfed in a cloud of scalding steam.
You block the fire elemental's attack.
You hit the fire elemental.
The fire elemental is heavily damaged.
The fire elemental misses you. You furiously retaliate!
You headbutt the fire elemental. You hit the fire elemental.
The fire elemental is heavily damaged.
The fire elemental hits you. The fire elemental burns you!
Your body deteriorates!
You feel clumsy.
The deep elf pyromancer mumbles some strange words.
The deep elf pyromancer blinks!
The fire elemental hits you. The fire elemental burns you!
Your body deteriorates!
You feel dopey.
You hit the fire elemental but do no damage.
The fire elemental is heavily damaged.
The fire elemental barely misses you.
You slash the fire elemental!
You destroy the fire elemental!
The fire elemental disappears in a puff of smoke!
You slash the fire elemental!
Your headbutt misses the fire elemental.
The fire elemental is moderately damaged.
The fire elemental hits you. The fire elemental burns you!
* * * LOW HITPOINT WARNING * * *
Your body deteriorates!
You feel weakened.
The hornet zombie is distracted by your dazzling golden aura.
As you read the scroll of teleportation, it crumbles to dust.
You feel strangely unstable. The fire elemental hits you.
The fire elemental burns you!
* * * LOW HITPOINT WARNING * * *
The deep elf pyromancer gestures at you while chanting.
The bolt of fire hits the fire elemental.
The fire elemental completely resists.
The bolt of fire hits you!!
You die...
Your body crumbles into a pile of gold.

...))).# ######)#
#.#
###.###########
#.............#
#.#.#########.#
#.#... #%#
####.##### #.#
...#.# #@# ##.#.#
#E# # ##.#.# #○# #
#.# .....#
#.Ze....#.#.
.....#
###.#.#.....###
.....#
#.#...#.#...#
....)#
#.#.#.....#.######
.....#
#..........E.....(
####.#
###.#..e..#☼e.####


You could see a deep elf pyromancer, a fire elemental (summoned) and a hornet
zombie (unaware).

Vanquished Creatures
  Pikel (D:5)
  The ghost of DocClef the Changeling, a novice DsSh (D:4)
  An unseen horror zombie (D:8)
  Sigmund (D:2)
  2 steam dragons
  Menkaure (D:5)
  An acid dragon (D:8)
  2 water moccasins
  A black bear (D:7)
  A hornet zombie (D:7)
  An ogre (D:6)
  3 centaurs (D:6)
  A lemure (D:5)
  4 phantoms
  Blork the orc (D:5)
  6 bullfrogs
  2 kobold brigands (D:8)
  A wyvern zombie (D:7)
  3 scorpions
  A wight (D:8)
  A water moccasin zombie (D:4)
  9 killer bees
  2 howler monkeys
  A centaur zombie (D:8)
  A lava snake (D:8)
  2 hounds
  A jelly (D:5)
  An iguana (D:7)
  2 orc wizards
  A killer bee zombie (D:4)
  4 gnolls (D:5)
  A howler monkey zombie (D:4)
  6 adders
  A shadow imp (D:4)
  4 white imps
  A worm (D:2)
  3 dart slugs
  13 orcs
  5 ball pythons
  8 bats
  2 endoplasms
  4 giant cockroaches
  4 hobgoblins (D:1)
  2 quokkas
  5 frilled lizards
  10 goblins
  19 kobolds
  3 rats (D:3)
151 creatures vanquished.

Vanquished Creatures (others)
  An arcanist (D:8)
1 creature vanquished.

Grand Total: 152 creatures vanquished

Notes
Turn   | Place    | Note
-------+----------+-------------------------------------------
     0 | D:1      | Fodor the Minotaur Fighter began the quest for the Orb.
     0 | D:1      | Reached XP level 1. HP: 19/19 MP: 0/0
    45 | D:1      | Found a faded altar of an unknown god.
   156 | D:1      | Reached XP level 2. HP: 22/27 MP: 1/1
   475 | D:1      | Reached XP level 3. HP: 33/33 MP: 2/2
   719 | D:1      | Reached skill level 3 in Axes
  1507 | D:2      | Noticed Sigmund
  1518 | D:2      | Killed Sigmund
  1519 | D:2      | Reached skill level 4 in Axes
  1519 | D:2      | Reached skill level 1 in Dodging
  1519 | D:2      | Reached XP level 4. HP: 38/41 MP: 3/3
  1519 | D:2      | Reached XP level 5. HP: 43/47 MP: 4/4
  1534 | D:2      | Found the ring of the Octopus King
  1549 | D:2      | Identified a ring of the Octopus King {Fly HP+2 AC+2 EV+2
                  | SH+2}
  1551 | D:2      | Noticed a phantom
  1557 | D:2      | Killed a phantom
  1558 | D:2      | Reached skill level 5 in Axes
  1558 | D:2      | Reached XP level 6. HP: 53/53 MP: 5/5
  1664 | D:2      | Found a snail-covered altar of Cheibriados.
  2162 | D:3      | Found a shimmering blue altar of Sif Muna.
  2163 | D:3      | Found a glowing golden altar of the Shining One.
  2464 | D:3      | Found Kuryrano's Weapon Shop.
  2672 | D:4      | Found a shadowy altar of Dithmenos.
  2694 | D:4      | Found an ancient bone altar of Kikubaaqudgha.
  2766 | D:4      | Noticed a water moccasin
  2782 | D:4      | Killed a water moccasin
  2783 | D:4      | Reached skill level 6 in Axes
  2785 | D:4      | Gained mutation: Your body sometimes deteriorates upon
                  | taking damage. [potion of mutation]
  2785 | D:4      | Gained mutation: You have hidden genetic defects. [potion
                  | of mutation]
  2787 | D:4      | HP: 4/85 [poisoned by a water moccasin]
  2968 | D:4      | Found a transporter.
  3013 | D:4      | Found a transporter.
  3013 | D:4      | Noticed DocClef's ghost (novice DsSh)
  3052 | D:4      | Reached skill level 5 in Armour
  3158 | D:4      | Reached skill level 5 in Fighting
  3158 | D:4      | Reached XP level 7. HP: 61/61 MP: 6/6
  3166 | D:4      | Gained mutation: You are dopey. (Int -2) [hidden defects]
  3685 | D:4      | Killed DocClef's ghost
  3686 | D:4      | Reached skill level 7 in Axes
  3686 | D:4      | Reached skill level 5 in Shields
  3699 | D:4      | Gained mutation: Your body often deteriorates upon taking
                  | damage. [hidden defects]
  3699 | D:4      | Lost mutation: You have hidden genetic defects. [hidden
                  | defects expressed]
  3722 | D:5      | Entered Level 5 of the Dungeon
  3748 | D:5      | Noticed Menkaure
  3761 | D:5      | Reached XP level 8. HP: 10/69 MP: 7/7
  3762 | D:5      | HP: 1/71 [Menkaure (10)]
  3764 | D:5      | Killed Menkaure
  4009 | D:5      | Found Yzyurofre's Assorted Antiques.
  4013 | D:5      | Bought a potion of curing for 75 gold pieces
  4013 | D:5      | Bought a scroll labelled TOEGUOSYLO for 25 gold pieces
  4025 | D:5      | Noticed Blork the orc
  4037 | D:5      | Killed Blork the orc
  4137 | D:5      | Found Tew Asec's Jewellery Boutique.
  4322 | D:5      | Reached skill level 8 in Axes
  4380 | D:5      | Noticed Pikel
  4407 | D:5      | Killed Pikel
  4408 | D:5      | Reached skill level 9 in Axes
  4619 | D:5      | Found Leusatakk's Antique Weapon Shop.
  5062 | D:6      | Found a broken altar of Ashenzari.
  5092 | D:6      | Reached XP level 9. HP: 63/75 MP: 8/8
  5209 | D:6      | Reached skill level 10 in Axes
  5254 | D:6      | Found an ornate altar of the Wu Jian Council.
  5469 | D:6      | Found a large runed translucent door.
  5469 | D:6      | Found a large runed translucent door.
  5471 | D:6      | Noticed Doj's ghost (novice FoFi)
  6084 | D:7      | Reached skill level 1 in Throwing
  6226 | D:7      | Found a runed translucent gate.
  6226 | D:7      | Found a runed translucent gate.
  6226 | D:7      | Found a runed translucent gate.
  6226 | D:7      | Noticed GortTheUntimely's ghost (amateur HOFi)
  6228 | D:7      | Found a basalt altar of Yredelemnul.
  6487 | D:7      | Found a staircase to the Ecumenical Temple.
  6497 | Temple   | Entered the Ecumenical Temple
  6533 | Temple   | Became a worshipper of Gozag Ym Sagoz the Greedy
  6566 | D:7      | Reached skill level 11 in Axes
  6868 | D:8      | Found a bloodstained altar of Trog.
  6872 | D:8      | Noticed an arcanist
  6878 | D:8      | Killed an arcanist
  6981 | D:8      | Noticed a deep elf pyromancer
  7106 | D:8      | Reached XP level 10. HP: 75/86 MP: 9/9
  7883 | D:8      | Killed from afar by a deep elf pyromancer

Illustrated notes

Levels and vault maps discovered:
D:1:      heliophobic_arrival_battle_scene, layout_basic,
          hellmonk_ecumenical_altar_run_dry, minmay_tetromino_l4
D:2:      layout_basic, basic_altar, corexii_leaking_fountain,
          kennysheep_generic_room_15, uniq_sigmund
D:3:      layout_basic, nicolae_overflow_two_pavilions, serial_shops, shop,
          glass_columns_b, serial_bayou_pond_d
D:4:      layout_basic, grunt_dithmenos_smoke_and_mirrors,
          mainiacjoe_overflow_concentric_impassable, gammafunk_ghost_mausoleum,
          nicolae_eternal_life
D:5:      layout_basic, serial_shops, kennysheep_mini_moat,
          nicolae_shop_pleasant_corner_grove, nicolae_shop_tiny_waterfront,
          shop, uniq_blork_the_orc, uniq_menkaure, uniq_pikel
D:6:      layout_loops_ring, mainiacjoe_overflow_catwalk,
          ashenzari_conservatory_becter, ebering_ghost_disaster_area
D:7:      layout_layer_cave, nicolae_yredelemnul_ghost_church,
          minmay_temple_entry_trees
D:8:      layout_basic, trog_wizard, serial_undead, serial_undead_c,
          serial_undead_b, serial_undead_b, serial_undead_f,
          kennysheep_island_fort
Temple:   nicolae_temple_bog_church

Skill      XL: |  1  2  3  4  5  6  7  8  9 |
---------------+----------------------------+-----
Armour         | 4 5 6 7 8 |  8.6
Fighting       | 4 5 6 7 |  7.4
Shields        | 4 5 6 8 |  8.3
Axes           | 4 5 6 7 9 11 | 11.8
Dodging        | 1 2 3 |  3.4
Throwing       | 1 |  1.3
Stealth        | |  0.8

Action                     |  1- 3 |  4- 6 |  7- 9 | 10-12 || total
---------------------------+-------+-------+-------+-------++-------
  Melee: War axe           |    69 |    81 |   283 |    58 ||   491
         Headbutt          |     6 |     8 |    44 |     9 ||    67
  Throw: Dart              |       |     3 |    13 |       ||    16
    Use: Potion            |       |     5 |       |       ||     5
         Scroll            |       |       |     1 |     2 ||     3
 Armour: Scale mail        |    55 |    18 |       |       ||    73
         Chain mail        |       |    56 |   219 |    70 ||   345
  Dodge: Dodged            |    62 |    33 |   150 |    28 ||   273
  Block: Buckler           |    22 |    32 |   137 |    16 ||   207

Table legend: (Time is in decaauts)
 A = Elapsed time spent in this place.
 B = Non-inter-level travel time spent in this place.
 C = Inter-level travel time spent in this place.
 D = Time resting spent in this place.
 E = Time spent auto-exploring this place.
 F = Levels seen in this place.
 G = Mean time per level.
                   A        B        C        D        E       F      G
               +--------+--------+--------+--------+--------+-----+--------+
         Total |   7943 |   7778 |    165 |   1307 |      0 |   9 |  882.6 |
       Dungeon |   7880 |   7715 |    165 |   1307 |      0 |   8 |  985.0 |
        Temple |     62 |     62 |      0 |      0 |      0 |   1 |   62.0 |
               +--------+--------+--------+--------+--------+-----+--------+

Top non-repeatable levels by time:
     D:1: 1505 daAuts
     D:5: 1234 daAuts
     D:7: 1089 daAuts
     D:4: 1079 daAuts
     D:8: 1054 daAuts
     D:6: 725 daAuts
     D:3: 675 daAuts
     D:2: 517 daAuts
  Temple: 62 daAuts
